 Dungeon Crawl Stone Soup version 0.17.1-1-g73c8601 (webtiles) character file.

217 Implojin the Ruffian (level 5, -1/48 HPs)
             Began as a Troll Assassin on Apr 4, 2016.
             Was an Initiate of Cheibriados.
             Slain by Implojin's ghost (19 damage)
             ... on level 6 of the Dungeon.
             The game lasted 00:03:14 (449 turns).

Implojin the Ruffian (Troll Assassin)                Turns: 449, Time: 00:03:14

Health: -1/48      AC:  7    Str: 20    XL:     5   Next: 62%
Magic:  4/4        EV:  9    Int:  8    God:    Cheibriados [......]
Gold:   57         SH:  0    Dex: 13    Spells: 0 memorised, 4 levels left

rFire  . . .     SeeInvis .       - Unarmed
rCold  . . .     Clarity  .     c - +0 robe
rNeg   . . .     SustAt   .     (no shield)
rPois  .         Gourm    +     l - +1 hat
rElec  .         Spirit   .     d - +0 cloak
rCorr  .         Warding  .     (gloves unavailable)
rMut   .         Stasis   .     (boots unavailable)
MR     .....                    (no amulet)
Stlth  ++........               (no ring)
                                (no ring)

@: very slow, not resistant to hostile enchantments, unstealthy
A: unfitting armour, claws 3, fast metabolism 3, gourmand, regeneration 2,
shaggy fur 1, tough skin 2
a: Bend Time, Renounce Religion


You were on level 6 of the Dungeon.
You worshipped Cheibriados.
Cheibriados was noncommittal.
You were not hungry.

You visited 1 branch of the dungeon, and saw 6 of its levels.

You collected 57 gold pieces.

Inventory:

Hand Weapons
 a - a +2 dagger
 b - a +0 blowgun
Missiles
 e - 10 poisoned needles
 f - a curare-tipped needle
Armour
 c - a +0 robe (worn)
 d - a +0 cloak (worn)
 l - a +1 hat (worn)
Wands
 i - a wand of slowing (12)
 j - a wand of confusion (48)
Comestibles
 g - 2 bread rations


   Skills:
 - Level 1.5 Fighting
 - Level 1.5 Short Blades
 - Level 1.7 Throwing
 - Level 0.7 Dodging
 - Level 2.4 Stealth
 * Level 5.5 Unarmed Combat


You had 4 spell levels left.
You didn't know any spells.

Dungeon Overview and Level Annotations

Branches:
Dungeon (6/15)
 Temple: D:4-7

Altars:
Cheibriados
Ru

Annotations:
D:4 Implojin's ghost, weakling TrFi
D:6 Implojin's ghost, novice TrFi


Innate Abilities, Weirdness & Mutations

You are too large for most types of armour.
You have claws for hands.
Your metabolism is lightning-fast.
You like to eat raw meat.
You heal very quickly.
You are covered in fur (AC +1).
You have very tough skin (AC +2).


Message History

Found a white potion.
h - a white potion Implojin's ghost (novice Troll Fighter) comes into view.
An ice beast comes into view.
Implojin's ghost turns its malevolent gaze towards you.
Implojin's ghost hits you!!
You barely miss Implojin's ghost. Implojin's ghost hits you.
* * * LOW HITPOINT WARNING * * *
You claw Implojin's ghost!
Implojin's ghost is lightly damaged.
Implojin's ghost barely misses you.
You closely miss Implojin's ghost.
Implojin's ghost is lightly damaged.
Implojin's ghost hits you!
* * * LOW HITPOINT WARNING * * *
You claw Implojin's ghost!
Implojin's ghost is moderately damaged.
Implojin's ghost hits you but does no damage.
Unknown command.
Drink which item? (? for menu, Esc to quit)
It was a potion of curing.
You feel better. Implojin's ghost hits you.
* * * LOW HITPOINT WARNING * * *
You claw Implojin's ghost!
Implojin's ghost is heavily damaged.
Implojin's ghost hits you.
* * * LOW HITPOINT WARNING * * *
Read which item? (? for menu, Esc to quit)
As you read the scroll labeled MIOMESAFIK, it crumbles to dust.
It is a scroll of recharging.
Charge which item? (? for menu, Esc to quit)
Your wand of confusion glows for a moment.
Implojin's ghost closely misses you.
Unknown command.
You barely miss Implojin's ghost.
Implojin's ghost is heavily damaged.
Implojin's ghost barely misses you.
You scratch Implojin's ghost.
Implojin's ghost is heavily damaged.
Implojin's ghost hits you!!
You die...

# #.#############
####.#...#.......#
.........#.#####.#
##.......#@# #.#
.........#W#####.#
########Y.Y....#.#######
.##.# #...###.........#
....# #.#.# #.#.#####.#
.#..# #...###.....#
.#..# #.........#.#
....# #.#####.###.#
....##### #.#
##.###.###.#


You could see an ice beast and Implojin's ghost.

Vanquished Creatures
  A scorpion (D:5)
  A crimson imp (D:5)
  A quasit (D:6)
  Terence (D:2)
  An iguana (D:6)
  A worker ant (D:4)
  2 adders
  An orc (D:3)
  A giant cockroach (D:6)
  2 hobgoblins (D:2)
  A jackal (D:6)
  2 kobolds (D:6)
  A giant gecko (D:2)
  A rat (D:2)
17 creatures vanquished.

Notes
Turn   | Place    | Note
--------------------------------------------------------------
     0 | D:1      | Implojin the Troll Assassin began the quest for the Orb.
     0 | D:1      | Reached XP level 1. HP: 19/19 MP: 0/0
    26 | D:2      | Reached skill level 1 in Unarmed Combat
    26 | D:2      | Reached XP level 2. HP: 27/27 MP: 1/1
    79 | D:2      | Noticed Terence
    86 | D:2      | Killed Terence
    86 | D:2      | Reached skill level 2 in Unarmed Combat
    86 | D:2      | Reached XP level 3. HP: 33/33 MP: 2/2
   120 | D:3      | Reached skill level 3 in Unarmed Combat
   155 | D:5      | Entered Level 5 of the Dungeon
   156 | D:5      | Found a snail-covered altar of Cheibriados.
   159 | D:5      | Noticed a scorpion
   173 | D:5      | Killed a scorpion
   173 | D:5      | Reached skill level 4 in Unarmed Combat
   173 | D:5      | Reached XP level 4. HP: 11/41 MP: 3/3
   195 | D:4      | Noticed Implojin's ghost (weakling TrFi)
   256 | D:5      | Reached XP level 5. HP: 25/48 MP: 4/4
   266 | D:5      | Became a worshipper of Cheibriados the Contemplative
   288 | D:6      | Reached skill level 5 in Unarmed Combat
   337 | D:6      | Found a sacrificial altar of Ru.
   434 | D:6      | Noticed Implojin's ghost (novice TrFi)
   435 | D:6      | Noticed an ice beast
   449 | D:6      | Slain by Implojin's ghost

Action                   |  1- 3 |  4- 6 || total
-------------------------+-------+-------++-------
Melee: Unarmed           |    26 |    35 ||    61
 Fire: Blowgun           |     6 |       ||     6
  Use: Potion            |       |     2 ||     2
       Scroll            |       |     1 ||     1
 Stab: Sleeping          |     1 |       ||     1
       Paralysed         |       |     1 ||     1
  Eat: Chunk             |     3 |     1 ||     4

Table legend:
 A = Turns spent in this place as a percentage of turns spent in the entire game.
 B = Non-inter-level travel turns spent in this place as a percentage of non-inter-level travel turns spent in the entire game.
 C = Inter-level travel turns spent in this place as a percentage of turns spent in this place.
 D = Turns resting spent in this place as a percentage of non-inter-level travel turns spent in this place.
 E = Turns spent auto-exploring this place as a percentage of non-inter-level travel turns spent in this place.
 F = Non-inter-level travel turns spent in this place divided by the number of levels of this place that you've seen.
                   A       B       C       D       E      F
               +-------+-------+-------+-------+-------+----------------------
         Total | 100.0 | 100.0 |   0.0 |   0.5 |   0.0 |  73.5
       Dungeon | 100.0 | 100.0 |   0.0 |   0.5 |   0.0 |  73.5
               +-------+-------+-------+-------+-------+----------------------

Table legend:
 A = Kills in this place as a percentage of kills in entire the game.
 B = Kills by you in this place as a percentage of kills by you in the entire game.
 C = Kills by friends in this place as a percentage of kills by friends in the entire game.
 D = Other kills in this place as a percentage of other kills in the entire game.
 E = Experience gained in this place as a percentage of experience gained in the entire game.
 F = Experience gained in this place divided by the number of levels of this place that you have seen.
                   A       B       C       D       E      F
               +-------+-------+-------+-------+-------+----------------------
         Total | 100.0 | 100.0 |  -nan |  -nan | 100.0 |  51.8
       Dungeon | 100.0 | 100.0 |  -nan |  -nan | 100.0 |  51.8
               +-------+-------+-------+-------+-------+----------------------
